 Dungeon Crawl Stone Soup version 0.22-a0-322-g60b3cfd (webtiles) character file.

203 Serpenta the Cutter (level 5, 0/31 HPs)
             Began as a Deep Elf Chaos Knight on Apr 4, 2018.
             Killed from afar by an orc wizard (3 damage)
             ... with a magic dart
             ... on level 3 of the Dungeon.
             The game lasted 00:05:25 (2984 turns).

Serpenta the Cutter (Deep Elf Chaos Knight)         Turns: 2984, Time: 00:05:26

Health: 0/31       AC:  5    Str:  9    XL:     5   Next: 51%
Magic:  8/8        EV: 18    Int: 18    God:    Xom [..*...]
Gold:   225        SH:  0    Dex: 19    Spells: 4/4 levels left

rFire    . . .     SeeInvis .   l - +0 short sword (flame)
rCold    . . .     Gourm    +   (no shield)
rNeg     . . .     Faith    .   b - +2 leather armour
rPois    .         Spirit   .   (no helmet)
rElec    .         Reflect  .   (no cloak)
rCorr    .         Harm     .   (no gloves)
MR       .....                  (no boots)
Stlth    ++........             m - amulet of the gourmand
HPRegen  0.10/turn              (no ring)
MPRegen  0.11/turn              (no ring)

@: agile
A: sturdy frame 1
a: Renounce Religion


You were on level 3 of the Dungeon.
You worshipped Xom.
You were a toy of Xom.
You were completely stuffed.

You visited 1 branch of the dungeon, and saw 3 of its levels.

You collected 225 gold pieces.


Innate Abilities, Weirdness & Mutations

Your movements are slightly less encumbered by armour. (ER -2)


   Skills:
 - Level 2.4 Fighting
 + Level 6.0 Short Blades
 - Level 0.7 Armour
 - Level 2.4 Dodging
 + Level 1.9 Evocations


You had 4 spell levels left.
You didn't know any spells.

Action                   |  1- 3 |  4- 6 || total
-------------------------+-------+-------++-------
Melee: Short sword       |    98 |   112 ||   210
Throw: Tomahawk          |     3 |     8 ||    11
       Javelin           |     2 |       ||     2
  Use: Scroll            |     1 |     2 ||     3
       Potion            |       |     1 ||     1
  Eat: Chunk             |     7 |    10 ||    17
Armor: Leather armour    |    27 |    18 ||    45
Dodge: Dodged            |    44 |    60 ||   104

Inventory:

Hand Weapons
 a - a +0 short sword of chaos
 l - a +0 short sword of flaming (weapon)
Missiles
 i - 5 tomahawks (quivered)
 k - 2 javelins
Armour
 b - a +2 leather armour (worn)
Jewellery
 m - an amulet of the gourmand (around neck)
Wands
 o - a wand of acid (9)
Scrolls
 e - a scroll of blinking {unknown}
 f - a scroll of enchant armour {unknown}
 g - a scroll of fear {unknown}
 h - 3 scrolls of remove curse
 n - 2 scrolls of amnesia
 p - a scroll of magic mapping {unknown}
Potions
 d - a potion of degeneration {unknown}
 r - a potion of lignification {unknown}
Comestibles
 c - 5 rations
 q - 2 chunks of flesh {@w1}

...## ##.# #...###......
......##..# #...)......##
.......(.)######.......#..#
..#####....(..##....####..#
##.####).†...## ##(##
#.###.......# ####..)
#.##...##...# #....## #
..##..###...#...#####
#.##.###.@## ###...#
#......#o.######.###
#............
#....##....#.. ....### ##.
... ...[.(. #......?......
#.(......g.... ..##
##.....(....... #...


You could see an orc wizard.

Vanquished Creatures
  An orc priest (D:3)
  An orc wizard (D:3)
  Natasha (twice) (D:2)
  6 adders
  An ooze (D:2)
  A worm (D:3)
  4 orcs (D:3)
  2 bats (D:3)
  3 giant cockroaches
  2 hobgoblins
  4 jackals
  2 ball pythons
  8 frilled lizards
  4 goblins
  7 kobolds
  6 rats
54 creatures vanquished.

Vanquished Creatures (others)
  A goblin (D:3)
1 creature vanquished.

Grand Total: 55 creatures vanquished

Vault maps used:
D:1:      nicolae_arrival_somewhat_less_tricky_arrival
D:2:      lemuel_doored_altar, uniq_natasha
D:3:      marbit_many_paths


Message History

The orc wizard is moderately wounded.
The orc wizard casts a spell at you. The magic dart hits you!
The orc wizard hits you with a dagger.
You hit the orc wizard but do no damage.
The orc wizard is moderately wounded.
The orc wizard misses you.
You hit the orc wizard. You burn the orc wizard.
The orc wizard is severely wounded.
The orc wizard hits you but does no damage.
You hit the orc wizard but do no damage.
The orc wizard is severely wounded.
The orc wizard casts a spell at you. The magic dart hits you!
* * * LOW HITPOINT WARNING * * *
It was a potion of agility.
You feel agile all of a sudden.
Xom is highly amused!
The orc wizard gestures at you while chanting.
The magic dart hits you!
You die...

Notes
Turn   | Place    | Note
-------+----------+-------------------------------------------
     0 | D:1      | Serpenta the Deep Elf Chaos Knight began the quest for the Orb.
     0 | D:1      | Reached XP level 1. HP: 13/13 MP: 3/3
    85 | D:1      | XOM: harmless Necr miscast
   147 | D:1      | XOM: silly message
   184 | D:1      | XOM: harmless Pois miscast
   283 | D:1      | XOM: smoke on damage
   287 | D:1      | Reached XP level 2. HP: 15/18 MP: 4/4
   723 | D:1      | XOM: cloud trail
   962 | D:1      | XOM: give mutation
   962 | D:1      | Gained mutation: Your movements are slightly less encumbered by armour. (ER -2) [Xom's grace]
  1010 | D:1      | XOM: god gift: 16 gold pieces {god gift}
  1070 | D:1      | XOM is BORED!
  1106 | D:1      | Reached skill level 4 in Short Blades
  1145 | D:2      | Reached XP level 3. HP: 22/22 MP: 5/5
  1295 | D:2      | XOM: divination: detect creatures
  1367 | D:2      | XOM: 8-stop teleportation journey
  1494 | D:2      | Found a shimmering altar of Xom.
  1626 | D:2      | Noticed Natasha
  1702 | D:2      | Killed Natasha
  1702 | D:2      | Reached skill level 5 in Short Blades
  1702 | D:2      | Reached XP level 4. HP: 17/27 MP: 6/6
  1703 | D:2      | Noticed Natasha
  1710 | D:2      | XOM: fog
  2037 | D:2      | Killed Natasha
  2083 | D:2      | XOM: god gift: ration {god gift}
  2234 | D:2      | XOM: noise
  2386 | D:3      | XOM: destruction
  2404 | D:3      | Reached XP level 5. HP: 29/31 MP: 7/7
  2471 | D:3      | XOM: mild Tmut miscast
  2501 | D:3      | Reached skill level 1 in Evocations
  2562 | D:3      | XOM is BORED!
  2562 | D:3      | XOM: medium Erth miscast
  2640 | D:3      | XOM: god gift: 44 gold pieces {god gift}
  2921 | D:3      | XOM: destruction
  2954 | D:3      | Reached skill level 6 in Short Blades
  2984 | D:3      | Killed from afar by an orc wizard
